 Dungeon Crawl Stone Soup version 0.30.1-4-g462c640d31 (webtiles) character file.

Game seed: 7898010271249835951

271 Atelerd the Digger (level 6, 0/54 HPs)
             Began as an Octopode Earth Elementalist on Aug 30, 2023.
             Slain by a gnoll
             ... wielding a +0 lajatang
              (24 damage)
             ... on level 4 of the Dungeon.
             The game lasted 00:05:08 (3195 turns).

Atelerd the Digger (Octopode Earth Elementalist)    Turns: 3195, Time: 00:05:09

Health: 0/54       AC:  1    Str:  7    XL:     6   Next: 23%
Magic:  10/11      EV: 13    Int: 18    God:
Gold:   182        SH:  0    Dex: 14    Spells: 3/12 levels left

rFire   . . .        j - +1 dagger (venom)
rCold   . . .        (no shield)
rNeg    . . .        (helmet restricted)
rPois   .            (no amulet)
rElec   .            t - ring of resist corrosion
rCorr   +            (no ring)
SInv    .            (no ring)
Will    .....        (no ring) Stlth
                     (no ring)
HPRegen 0.29/turn    (no ring)
MPRegen 0.12/turn    (no ring)
                     (no ring)

%: no passive effects
@: berserking, very quick
A: almost no armour, amphibious, 8 rings, camouflage 1, gelatinous body 1,
(nimble swimmer 1), tentacles
a: no special abilities


You were on level 4 of the Dungeon.
You visited 1 branch of the dungeon, and saw 4 of its levels.

You collected 182 gold pieces.

Inventory:

Hand Weapons
 c - a +0 dagger
 j - a +1 dagger of venom (weapon)
Missiles
 h - a throwing net
Armour
 v - a +0 buckler
Magical Staves
 k - a staff of death
Jewellery
 t - a ring of resist corrosion (left tentacle)
Scrolls
 b - 3 scrolls of fog {unknown}
 d - a scroll of immolation {unknown}
 e - a scroll of poison {unknown}
 i - a scroll of magic mapping {unknown}
 l - a scroll of enchant weapon {unknown}
 n - a scroll of teleportation {unknown}
 o - 3 scrolls of identify {unknown}
 s - a scroll of enchant armour {unknown}
 w - a scroll of acquirement {unknown}
Potions
 a - a potion of magic
 f - a potion of degeneration {unknown}
 g - 2 potions of heal wounds {unknown}
 m - a potion of invisibility {unknown}
 q - a potion of curing {unknown}
 r - a potion of mutation {unknown}
 u - a potion of haste {unknown}


   Skills:
 - Level 2.1 Dodging
 + Level 3.5 Stealth
 + Level 3.5 Spellcasting
 - Level 3.0 Transmutations
 * Level 4.7 Earth Magic


You had 3 spell levels left.
You knew the following spells:

 Your Spells              Type           Power      Damage    Failure   Level
a - Sandblast             Erth           40%        2d10      2%          1
e - Olgreb's Toxic Radia  Pois           3%         N/A       83%         4
p - Petrify               Tmut/Erth      17%        N/A       32%         4

Your spell library contained the following spells:

 Spells                   Type           Power      Damage    Failure   Level
 Passwall                 Tmut/Erth      14%        N/A       4%          2
 Sting                    Tmut/Pois      32%        1d4       9%          1
 Stone Arrow              Conj/Erth      22%        3d8       19%         3
 Poisonous Vapours        Pois/Air       6%         N/A       24%         2


Dungeon Overview and Level Annotations

Branches:
Dungeon (4/15)
 Temple: D:4-7

Altars:
Fedhas

Annotations:
D:2 exclusion: downstairs


Innate Abilities, Weirdness & Mutations

You cannot wear most types of armour.
You are amphibious.
You can wear up to eight rings at the same time.
Your skin changes colour to match your surroundings (Stealth+).
Your rubbery body absorbs attacks. (AC +1, EV +1)
((You are camouflaged when in or above water. (Stealth+)))
You have tentacles for arms and can constrict up to eight enemies at once.


Message History

You are no longer poisoned.
You start resting.
A gnoll comes into view. It is wielding a +0 lajatang.
A gnoll is nearby!
A gnoll is nearby!
A gnoll is nearby!
A gnoll is nearby!
A gnoll is nearby!
An iguana comes into view.
The iguana moves out of view. 2 gnolls come into view.
A gnoll is wielding a +0 flail and carrying a wand of flame (11).
Found a flail.
Found 18 gold pieces.
The gnoll shouts! x2; You hear a shout!
The gnoll zaps a wand.
The puff of flame hits you!
* * * LOW HITPOINT WARNING * * *
The gnoll zaps a wand.
The puff of flame hits you!
* * * LOW HITPOINT WARNING * * *
There is a stone staircase leading up here.
You climb upwards.
There is a stone staircase leading down here.
You start resting.
HP restored.
You start waiting.
Done waiting.
You climb downwards.
The gnoll drinks a potion.
The gnoll goes berserk!
There is a stone staircase leading up here.
The blast of sand hits the gnoll!
The gnoll is heavily wounded.
The gnoll barely misses you. The gnoll hits you with a +0 lajatang!!
Ouch! That really hurt!
You aren't carrying any items that you can evoke.
Casting: Sandblast (safe; 2% risk of failure)
Confirm with . or Enter, or press ? or * to list all spells.
Okay, then.
A red film seems to cover your vision as you go berserk!
You feel yourself moving faster!
You feel mighty! The gnoll hits you with a +0 lajatang!!
You die...

#########+#..........#
............g........#
...........##........#
........g...g..#+#'#)#
#...........#..#.#.#.#
#...........#..#.#.#.#
#...........#..#...#.#
###########'#..##..#.#
# #.......(gg@..#.#
#.........#.#.#.#
#...........#.#.#
######'##.....#.#######
#.##..#..#.......#
#.###............#
#............[...#
#####.##.#.#####.#
####.##.#.###...#


You could see 2 gnolls.

Vanquished Creatures
  A scorpion (D:4)
  A howler monkey (D:4)
  3 gnolls
  6 adders
  2 worms
  6 dart slugs
  6 endoplasms
  3 giant cockroaches
  4 goblins
  7 hobgoblins
  2 jackals (D:1)
  8 kobolds
  3 quokkas
  9 ball pythons
  4 bats
  2 frilled lizards
  7 rats
74 creatures vanquished.

Notes
Turn   | Place    | Note
-------+----------+-------------------------------------------
     0 | D:1      | Atelerd the Octopode Earth Elementalist began the quest for
                  | the Orb.
     0 | D:1      | Reached XP level 1. HP: 11/11 MP: 3/3
   192 | D:1      | Reached XP level 2. HP: 17/17 MP: 3/5
   583 | D:1      | Reached XP level 3. HP: 21/21 MP: 4/6
  1548 | D:2      | Reached XP level 4. HP: 27/27 MP: 7/7
  1599 | D:2      | Found a faded altar of an unknown god.
  2080 | D:3      | Reached XP level 5. HP: 23/31 MP: 5/9
  2161 | D:3      | Reached skill level 4 in Earth Magic
  2368 | D:3      | Found a faded altar of an unknown god.
  2384 | D:3      | Found a blossoming altar of Fedhas.
  2734 | D:4      | Learned a level 4 spell: Petrify
  2739 | D:4      | Learned a level 4 spell: Olgreb's Toxic Radiance
  2906 | D:4      | Reached XP level 6. HP: 24/36 MP: 7/11
  2959 | D:4      | HP: 1/36 [gnoll/puff of flame (8)]
  3195 | D:4      | Slain by a gnoll

Illustrated notes

Levels and vault maps discovered:
D:1:      saegor_arrival_simple_b, layout_loops_ring, serial_forest,
          infiniplex_forest_lined_4_way, infiniplex_forest_diagonal,
          infiniplex_forest_clump_tiny, infiniplex_forest_clump_diagonal,
          infiniplex_forest_clump_long, infiniplex_forest_end_1
D:2:      layout_basic, ebering_ecumenical_altar_webs
D:3:      layout_rooms, nicolae_overflow_ecumenical_swirl
D:4:      layout_basic

Skill      XL: |  1  2  3  4  5 |
---------------+----------------+-----
Transmutations | 2 3 |  3.0
Spellcasting   | 3 |  3.5
Earth Magic    | 4 |  4.7
Stealth        | 3 |  3.5
Dodging        | |  2.1

Action                     |  1- 3 |  4- 6 || total
---------------------------+-------+-------++-------
  Melee: Dagger            |    27 |    17 ||    44
         Constrict         |     8 |     4 ||    12
         Tentacles         |    11 |     5 ||    16
   Cast: Sandblast         |    38 |    56 ||    94
    Use: Potion            |       |     1 ||     1
   Stab: Sleeping          |     5 |     2 ||     7
 Armour: Skin              |     2 |     1 ||     3
  Dodge: Dodged            |    28 |    24 ||    52
